 Dungeon Crawl Stone Soup version 0.29-a0-251-g80730f7218 (webtiles) character file.

Game seed: 16365083543431495475

336 avis the Skirmisher (level 6, -2/58 HPs)
             Began as a Hill Orc Monk on Mar 6, 2022.
             Killed from afar by an orc wizard (7 damage)
             ... with a magic dart
             ... on level 5 of the Dungeon.
             The game lasted 00:19:42 (3753 turns).

avis the Skirmisher (Hill Orc Monk)                 Turns: 3753, Time: 00:19:43

Health: -2/58      AC:  2    Str: 14    XL:     6   Next: 54%
Magic:  6/6        EV:  9    Int: 12    God:
Gold:   230        SH:  0    Dex: 13    Spells: 5/5 levels left

rFire   . . .      SeeInvis .     - Unarmed
rCold   . . .      Faith    .   (no shield)
rNeg    . . .      Spirit   .   j - +0 scale mail
rPois   .          Reflect  .   (no helmet)
rElec   .          Harm     .   (no cloak)
rCorr   .          Rampage  .   (no gloves)
Will    .....                   (no boots)
Stlth   ..........              (no amulet)
HPRegen 0.19/turn               f - ring of wizardry
MPRegen 0.10/turn               (no ring)

@: corroded
A: no striking features
a: no special abilities


You were on level 5 of the Dungeon.
You visited 1 branch of the dungeon, and saw 5 of its levels.

You collected 230 gold pieces.

Inventory:

Hand Weapons
 b - a +0 dagger of protection
 q - a +0 war axe
 r - a +0 glaive
Missiles
 c - 121 stones
 h - 2 javelins (quivered)
 o - 2 poisoned darts
Armour
 a - a +0 robe
 j - a +0 scale mail (worn)
Magical Staves
 g - a staff of air
Jewellery
 f - a ring of wizardry (left hand)
Wands
 d - a wand of acid (3)
Scrolls
 k - a scroll of identify
 m - a scroll of brand weapon
 n - a scroll of blinking {unknown}
Potions
 e - a potion of invisibility
 i - a potion of lignification
 p - a potion of might
 s - a potion of attraction {unknown}


   Skills:
 * Level 6.6 Fighting
 - Level 2.4 Dodging
 - Level 1.5 Stealth
 - Level 6.0 Unarmed Combat


You had 5 spell levels left.
You didn't know any spells.
Your spell library contained the following spells:

 Spells                   Type           Power      Damage    Failure   Level
 Magic Dart               Conj           0%         1d3       50%         1
 Call Imp                 Summ           0%         N/A       63%         2
 Mephitic Cloud           Conj/Pois/Air  0%         N/A       85%         3


Dungeon Overview and Level Annotations

Branches:
Dungeon (6/15)
 Temple: D:4-7

Altars:

Shops:
D:2 (

Annotations:
D:5 Sigmund


Message History

There is a stone staircase leading up here.
You start resting.
HP restored.
You climb upwards.
You hear the sound of rushing water.
There is an entrance to a sewer on this level.
Hurry and find it before the portal rusts away!
Sigmund shouts!
Found a club.
There is a stone staircase leading down here.
A jelly comes into view.
The jelly quivers.
As you read the scroll labelled QAULUKHLARAE, it crumbles to dust.
You feel strangely unstable.
It was a scroll of teleportation.
You hit the jelly. The acid corrodes you!
Your hands burn!
The jelly is moderately wounded.
The ice beast hits you. The ice beast freezes you.
You hit the jelly.
Your hands burn!
The jelly is moderately wounded.
The jelly hits you. The acid corrodes you!
You are splashed with acid!
The scorpion misses you.
You hit the jelly.
Your hands burn!
The jelly is heavily wounded.
The ice beast hits you. The ice beast freezes you! The jelly hits you.
You are splashed with acid!
* * * LOW HITPOINT WARNING * * *
The scorpion stings you.
* * * LOW HITPOINT WARNING * * *
You hit the jelly.
Your hands burn!
* * * LOW HITPOINT WARNING * * *
The jelly is severely wounded.
Your surroundings suddenly seem different.
An orc wizard and 2 orcs come into view.
An orc is wielding a +1 vorpal hand axe.
Found an escape hatch in the floor.
The orc shouts!
The orc moves out of view.
Found a stone staircase leading up.
The orc wizard casts a spell at you. The magic dart hits you!
You die...

. .o .o. .o.
#.. #..###
##....##
#.....@#
.........#
.........#
.........>
...........
...........
##..#.#...##
...#####<#


You could see an orc wizard and 2 orcs.

Vanquished Creatures
  Blork the orc (D:6)
  A bullfrog (D:6)
  A necrophage (D:6)
  A scorpion (D:6)
  An adder (D:3)
  2 worms (D:2)
  A dart slug (D:1)
  2 orcs
  5 endoplasms (D:1)
  A giant cockroach (D:2)
  7 hobgoblins
  2 quokkas (D:2)
  5 ball pythons
  A bat (D:1)
  3 frilled lizards
  6 goblins
  3 kobolds (D:1)
  20 rats
63 creatures vanquished.

Notes
Turn   | Place    | Note
-------+----------+-------------------------------------------
     0 | D:1      | avis the Hill Orc Monk began the quest for the Orb.
     0 | D:1      | Reached XP level 1. HP: 19/19 MP: 1/1
   173 | D:1      | Reached XP level 2. HP: 23/26 MP: 2/2
   629 | D:1      | Found a faded altar of an unknown god.
   740 | D:1      | Reached XP level 3. HP: 27/33 MP: 3/3
  2218 | D:2      | Found Plog's Weapon Shoppe.
  2253 | D:2      | Reached skill level 5 in Unarmed Combat
  2537 | D:3      | Reached XP level 4. HP: 11/40 MP: 4/4
  3061 | D:3      | You fall into a shaft and drop 3 floors!
  3105 | D:6      | Noticed a necrophage
  3117 | D:6      | Killed a necrophage
  3118 | D:6      | Reached skill level 5 in Fighting
  3118 | D:6      | Reached XP level 5. HP: 37/48 MP: 5/5
  3219 | D:6      | Noticed a phantom
  3348 | D:6      | Reached XP level 6. HP: 16/57 MP: 6/6
  3588 | D:6      | Noticed Blork the orc
  3600 | D:6      | Killed Blork the orc
  3744 | D:5      | Entered Level 5 of the Dungeon
  3744 | D:5      | Noticed Sigmund
  3744 | D:5      | Noticed an ice beast
  3753 | D:5      | Killed from afar by an orc wizard

Illustrated notes

Levels and vault maps discovered:
D:1:      evilmike_arrival_hilbert_curve, layout_basic,
          hellmonk_ecumenical_altar_crossroads, minmay_rat_gold_closets
D:2:      layout_basic, serial_shops, nicolae_shop_trees
D:3:      layout_rooms, serial_forest, infiniplex_forest_corner_1,
          infiniplex_forest_lined_3, infiniplex_forest_lined_room_,
          infiniplex_forest_clump_small, infiniplex_forest_lined_3_way,
          infiniplex_forest_clump_small, infiniplex_forest_straight_3,
          infiniplex_forest_zigzag_1, chequers_serial_rivers_micro_c
D:5:      layout_cave_pools, gup_sewer_entry_spiral,
          chequers_serial_rivers_small_a, uniq_sigmund
D:6:      cheibrodos_thug_alley, layout_gridville, uniq_grinder, uniq_duvessa,
          uniq_blork_the_orc

Skill      XL: |  1  2  3  4  5 |
---------------+----------------+-----
Unarmed Combat | 4 5 6 |  6.0
Fighting       | 4 5 6 |  6.6
Dodging        | |  2.4
Stealth        | |  1.5

Action                   |  1- 3 |  4- 6 || total
-------------------------+-------+-------++-------
Melee: Unarmed           |    45 |    63 ||   108
       Punch             |     4 |     2 ||     6
       Dagger            |    92 |       ||    92
Throw: Javelin           |       |     2 ||     2
Evoke: Wand              |       |     2 ||     2
  Use: Scroll            |     4 |     2 ||     6
 Stab: Sleeping          |    11 |       ||    11
Armor: Robe              |    14 |       ||    14
       Scale mail        |       |    16 ||    16
Dodge: Dodged            |    48 |    16 ||    64

Table legend: (Time is in decaauts)
 A = Elapsed time spent in this place.
 B = Non-inter-level travel time spent in this place.
 C = Inter-level travel time spent in this place.
 D = Time resting spent in this place.
 E = Time spent auto-exploring this place.
 F = Levels seen in this place.
 G = Mean time per level.
                   A        B        C        D        E       F      G
               +--------+--------+--------+--------+--------+-----+--------+
         Total |   3752 |   3229 |    523 |   1093 |   1094 |   5 |  750.4 |
       Dungeon |   3752 |   3229 |    523 |   1093 |   1094 |   5 |  750.4 |
               +--------+--------+--------+--------+--------+-----+--------+

Top non-repeatable levels by time:
     D:1: 1559 daAuts
     D:2: 1267 daAuts
     D:6: 680 daAuts
     D:3: 237 daAuts
     D:5: 8 daAuts
